 Dungeon Crawl Stone Soup version 0.22-a0-512-g0943f25 (webtiles) character file.

51 inc the Changer (level 3, -7/22 HPs)
             Began as a Felid Transmuter on June 18, 2018.
             Killed from afar by Sigmund (8 damage)
             ... with a puff of flame
             ... on level 2 of the Dungeon.
             The game lasted 00:04:10 (1963 turns).

inc the Changer (Felid Transmuter)                  Turns: 1963, Time: 00:04:11

Health: -7/22      AC:  1    Str: 11    XL:     3   Next: 58%
Magic:  2/7        EV: 18    Int: 14    God:
Gold:   107        SH:  0    Dex: 17    Spells: 0/6 levels left
                                        Lives:  0   Deaths: 0

rFire    . . .     SeeInvis +     - Unarmed
rCold    . . .     Gourm    .   (shield unavailable)
rNeg     . . .     Faith    .   (armour unavailable)
rPois    .         Spirit   .   (helmet unavailable)
rElec    .         Reflect  .   (cloak unavailable)
rCorr    .         Harm     .   (gloves unavailable)
MR       .....                  (boots unavailable)
Stlth    ..........             (no amulet)
HPRegen  0.07/turn              (no ring)
MPRegen  0.10/turn              (no ring)

@: confused, berserking, very quick
A: very small, no armour, no weapons or thrown items, stealth, claws 1, fangs 3,
see invisible, carnivore, speed 1, shaggy fur 1, slow metabolism 1, sharp paws
a: no special abilities


You were on level 2 of the Dungeon.
You were not hungry.

You visited 1 branch of the dungeon, and saw 2 of its levels.

You collected 107 gold pieces.

Inventory:

Missiles
 a - 64 arrows
Scrolls
 b - a scroll of amnesia {unknown}
 d - a scroll of enchant armour {unknown}
 e - a scroll of random uselessness {unknown}
 g - 2 scrolls of identify {unknown}
 i - a scroll of teleportation {unknown}
 l - a scroll of enchant weapon {unknown}
Potions
 f - a potion of flight {unknown}
 h - 2 potions of berserk rage
 j - a potion of agility {unknown}
 k - a potion of brilliance {unknown}
 m - a potion of mutation {unknown}
 n - a potion of haste
Comestibles
 c - 3 rations


   Skills:
 - Level 1.0 Fighting
 - Level 2.6 Dodging
 - Level 3.0 Unarmed Combat
 - Level 2.0 Spellcasting
 + Level 4.4 Transmutations


You couldn't memorise any spells.
You knew the following spells:

 Your Spells              Type           Power        Failure   Level  Hunger
a - Beastly Appendage     Tmut           ##....       3%          1    ##.....
b - Sticks to Snakes      Tmut           ##......     6%          2    ###....
c - Spider Form           Tmut/Pois      #.........   28%         3    ####...

Your spell library contained the following spells:

 Spells                   Type           Power        Failure   Level  Hunger
 Blade Hands              Tmut           ##........   71%         5    ######.
 Ice Form                 Ice/Tmut       #.......     67%         4    #####..


Dungeon Overview and Level Annotations

Branches:
Dungeon (2/15)

Altars:
Trog

Annotations:
D:2 Sigmund


Innate Abilities, Weirdness & Mutations

You cannot wear armour.
You are incapable of wielding weapons or throwing items.
Your paws allow you to move quietly. (Stealth)
You have sharp claws.
You have razor-sharp teeth.
You have supernaturally acute eyesight. (SInv)
You are carnivorous and can eat meat at any time.
You cover ground quickly.
You are covered in fur. (AC +1)
You have a slow metabolism.
Your sharp claws are effective at attacking unaware monsters.


Message History

Sigmund points at you and mumbles some strange words.
You resist with some effort.
Your ball python bites Sigmund but does no damage.
Your ball python constricts Sigmund.
Your ball python bites Sigmund.
Sigmund gestures at you while chanting.
You are more confused.
Your ball python bites Sigmund.
Your ball python constricts Sigmund.
Your ball python bites Sigmund.
Sigmund points at you and mumbles some strange words.
The magic dart hits you!
* * * LOW HITPOINT WARNING * * *
You bump into the rock wall.
Are you sure you want to stumble around while confused and next to your ball python?
Okay, then.
It was a potion of berserk rage.
A red film seems to cover your vision as you go berserk!
You feel yourself moving faster!
You feel mighty! Sigmund gestures at you while chanting.
The puff of flame hits you!
You die...

### #.. #.#######
#####.#.....# ...#.#.###.#
###########.#.#.###.#
................@SS.#
#.###.###.#.#.#.##..#
#.###.###.#.#.#@##..#.###.
+..................S.......
#.###.###.#.#######@#.###..
#.........#... ....#
##.....######## #..[#
##.._..# #...# ##....#
#...#


You could see Sigmund and 2 friendly ball pythons.

Vanquished Creatures
  Jessica (D:2)
  A dart slug (D:1)
  A leopard gecko (D:1)
  A goblin (D:1)
  4 hobgoblins
  3 kobolds (D:1)
  2 ball pythons
  4 bats (D:1)
  2 frilled lizards (D:1)
  4 rats
23 creatures vanquished.

Notes
Turn   | Place    | Note
-------+----------+-------------------------------------------
     0 | D:1      | inc the Felid Transmuter began the quest for the Orb.
     0 | D:1      | Reached XP level 1. HP: 9/9 MP: 4/4
   693 | D:1      | Reached skill level 3 in Transmutations
   693 | D:1      | Reached XP level 2. HP: 12/12 MP: 6/6
  1613 | D:2      | Noticed Jessica
  1628 | D:2      | Killed Jessica
  1628 | D:2      | Reached skill level 4 in Transmutations
  1628 | D:2      | Reached XP level 3. HP: 6/15 MP: 5/7
  1827 | D:2      | Found a bloodstained altar of Trog.
  1859 | D:2      | Noticed Sigmund
  1866 | D:2      | Learned a level 2 spell: Sticks to Snakes
  1870 | D:2      | Learned a level 3 spell: Spider Form
  1963 | D:2      | Killed from afar by Sigmund

Vault maps used:
D:1:      co_arrival_random_square_maze, minmay_split_cup_small
D:2:      bloody_trog, overflow_temple_1_default, first_ration, uniq_jessica,
          uniq_sigmund

Skill      XL: |  1  2 |
---------------+-------+-----
Transmutations | 3 4 |  4.4
Fighting       | |  1.0
Dodging        | |  2.6
Unarmed Combat | |  3.0
Spellcasting   | |  2.0

Action                   || total
-------------------------++-------
Melee: Unarmed           ||    80
       Bite              ||     3
       Headbutt          ||     1
       Punch             ||     1
 Cast: Beastly Appendage ||     3
       Sticks to Snakes  ||     3
  Use: Potion            ||     1
 Stab: Sleeping          ||     3
  Eat: Chunk             ||     3
Armor: Skin              ||     3
Dodge: Dodged            ||    79

Table legend:
 A = Spawn XP
 B = Non-spawn XP
 C = Spawn XP percentage of total XP
 D = Spawn monster count
 E = Non-spawn monster count
 F = Spawn count percentage of total count
 G = Total turns spent on level
                    A         B        C        D         E        F      G
               +---------+---------+-------+---------+---------+-------+---------
         Total |       0 |      74 |   0.0 |       0 |      23 |   0.0 |  1963
               +---------+---------+-------+---------+---------+-------+---------
           D:1 |       0 |      32 |   0.0 |       0 |      19 |   0.0 |  1531
           D:2 |       0 |      42 |   0.0 |       0 |       4 |   0.0 |   432
               +---------+---------+-------+---------+---------+-------+---------
